 Dungeon Crawl Stone Soup version 0.20.1-1-g8b1a95d (webtiles) character file.

81 gobwax the Slasher (level 4, -13/36 HPs)
             Began as a Barachi Fighter on July 18, 2017.
             Killed by divine providence
             ... invoked by an orc priest
              (14 damage)
             ... on level 3 of the Dungeon.
             The game lasted 00:03:32 (2074 turns).

gobwax the Slasher (Barachi Fighter)                Turns: 2074, Time: 00:03:32

Health: -13/36     AC:  6    Str: 24    XL:     4   Next: 40%
Magic:  4/4        EV: 12    Int: 15    God:
Gold:   117        SH: 10    Dex: 16    Spells: 3/3 levels left

rFire    + . .     SeeInvis .   a - +0 long sword
rCold    + . .     Gourm    .   c - +0 shield
rNeg     . . .     Faith    .   b - +0 scale mail
rPois    +         Spirit   .   (no helmet)
rElec    +         Reflect  .   (no cloak)
rCorr    +         Harm     .   (no gloves)
MR       .....                  (no boots)
Stlth    +.........             (no amulet)
Regen    0.2/turn               e - ring of flight
MPRegen  0.1/turn               i - +2 ring of intelligence

@: mighty, brilliant, agile, resistant, slow
A: +LOS, swims, slowness 1, strong legs 1
a: Hop, Evoke Flight


You were on level 3 of the Dungeon.
You were not hungry.

You visited 1 branch of the dungeon, and saw 3 of its levels.

You collected 117 gold pieces.

Inventory:

Hand Weapons
 a - a +0 long sword (weapon)
Armour
 b - a +0 scale mail (worn)
 c - a +0 shield (worn)
Jewellery
 e - a ring of flight (left hand)
 i - a +2 ring of intelligence (right hand)
Scrolls
 g - a scroll of random uselessness {unknown}
 h - 2 scrolls of remove curse {unknown}
 l - a scroll of enchant armour {unknown}
 o - a scroll of amnesia {unknown}
 q - a scroll of immolation {unknown}
 r - a scroll of noise {unknown}
Potions
 d - a potion of might
Comestibles
 f - 3 bread rations
 n - a royal jelly
 s - a chunk of flesh


   Skills:
 - Level 3.6 Fighting
 * Level 5.4 Long Blades
 - Level 3.6 Armour
 - Level 3.2 Shields


You had 3 spell levels left.
You didn't know any spells.

Dungeon Overview and Level Annotations

Branches:
Dungeon (3/15)

Altars:
Elyvilon
Makhleb


Innate Abilities, Weirdness & Mutations

Shadows flee at your approach. (+LOS)
You can swim through water.
You cover ground slowly.
You can hop short distances.


Message History

You hit the orc.
The orc is severely wounded.
The orc closely misses you.
You hit the orc.
The orc is almost dead.
The orc hits you with a club.
* * * LOW HITPOINT WARNING * * *
The orc priest miscasts a cantrip.
You slash the orc!
You kill the orc!
The orc priest barely misses you.
You slash the orc priest!
The orc priest is severely wounded.
The orc priest looks satisfied for a moment.
You block the orc priest's attack.
You closely miss the orc priest.
The orc priest is severely wounded.
The orc priest mumbles some strange prayers to Beogh against you.
Beogh smites you!
You die...

#.# #.# #.# #.########
##........### #####
#.........+.# ....#
#.........#.# ....#
#....######.#.#
....###†......oo@...#
....').....##.###.#.#
....######.##.###.#.#.
...)'.................
....####.#.#.o.##.#.##
....# #.#.#...# .#.#
....# # #.#oo.# .# #
....# #.#..o# .. .....
....... ..


You could see 2 orc priests.

Vanquished Creatures
  3 adders (D:2)
  An ooze (D:2)
  2 dart slugs
  A leopard gecko (D:2)
  5 orcs
  A giant cockroach (D:2)
  5 goblins
  8 hobgoblins
  3 jackals (D:3)
  6 frilled lizards
  4 rats
39 creatures vanquished.

Notes
Turn   | Place    | Note
-------+----------+-------------------------------------------
     0 | D:1      | gobwax the Barachi Fighter began the quest for the Orb.
     0 | D:1      | Reached XP level 1. HP: 18/18 MP: 1/1
    76 | D:1      | Reached skill level 3 in Long Blades
   262 | D:1      | Reached XP level 2. HP: 24/24 MP: 2/2
   713 | D:2      | Reached skill level 4 in Long Blades
   732 | D:2      | Reached XP level 3. HP: 23/29 MP: 3/3
  1184 | D:2      | Found a burning altar of Makhleb.
  1298 | D:2      | Found a white marble altar of Elyvilon.
  1730 | D:2      | Reached skill level 5 in Long Blades
  1739 | D:2      | Reached XP level 4. HP: 20/36 MP: 4/4
  2071 | D:3      | HP: 1/36 [orc/club (2)]
  2074 | D:3      | Killed from afar by an orc priest

Skill      XL: |  1  2  3 |
---------------+----------+-----
Long Blades    | 3 4 5 |  5.4
Fighting       | |  3.6
Armour         | |  3.6
Shields        | |  3.2

Action                   |  1- 3 |  4- 6 || total
-------------------------+-------+-------++-------
Melee: Long sword        |   120 |    32 ||   152
 Abil: Hop               |     1 |       ||     1
  Use: Potion            |       |     5 ||     5
  Eat: Chunk             |     3 |     2 ||     5
Armor: Scale mail        |    52 |    16 ||    68
Dodge: Dodged            |    41 |     9 ||    50
Block: Shield            |    55 |    15 ||    70
       Rpst.: Long sword |    18 |     6 ||    24
